BSA
ST CHARLES SHEENS @ TORONTO TITANS
10/12/2024
 
TOP OF THE 1ST
St Charles Sheens batting - Pitching for Toronto Titans : RHP José Gonzáles
Pitching: RHP José Gonzáles
Batting: LHB Bob Ware 0-0: Ball
1-0: Ball
2-0: Foul Ball, location: 2F
2-1: Swinging Strike
2-2: TRIPLE (Line Drive, 89D)
Batting: RHB Kel Pierce 0-0: Foul Ball, location: 2F
0-1: Called Strike
0-2: Strikes out swinging
Batting: LHB Jeff Carter 0-0: Called Strike
0-1: Ground out U3 (Groundball, 3)
Batting: RHB Guo-xiu Choi 0-0: Called Strike
0-1: Ball
1-1: Ball
2-1: Ball
3-1: Fly out, F8 (Flyball, 8RXD)
Top of the 1st over - 0 run(s), 1 hit(s), 0 error(s), 1 left on base; St Charles 0 - Toronto 0
BOTTOM OF THE 1ST
Toronto Titans batting - Pitching for St Charles Sheens : RHP Oscar Wheeler
Pitching: RHP Oscar Wheeler
Batting: SHB Ryobe Yamamoto 0-0: Fly out, F8 (Popup, 6MD)
Batting: RHB Gilberto López 0-0: Called Strike
0-1: Ball
1-1: Called Strike
1-2: Ground out 1-3 (Groundball, 13S)
Batting: LHB José Rodríguez 0-0: SINGLE (Groundball, 34D)
Batting: LHB Jorge Martínez 0-0: Ball
1-0: Ball
2-0: Ball
3-0: Called Strike
3-1: Base on Balls
José Rodríguez to second
Batting: LHB Anacleto Morillo 0-0: Called Strike
0-1: Called Strike
0-2: Ball
1-2: Ball
2-2: Ball
3-2: SINGLE (Groundball, 13) (infield hit)
José Rodríguez to third
Jorge Martínez to second
Batting: LHB Lewis Barr 0-0: Ball
1-0: Ball
2-0: Ball
3-0: Foul Ball, location: 2F
3-1: Base on Balls
José Rodríguez scores
Jorge Martínez to third
Anacleto Morillo to second
Batting: LHB Kent MacDulothe 0-0: Ball
1-0: Ball
2-0: Foul Ball, location: 2F
2-1: Foul Ball, location: 2F
2-2: Foul Ball, location: 2F
2-2: Foul Ball, location: 2F
2-2: Ball
3-2: Foul Ball, location: 2F
3-2: Strikes out swinging
Bottom of the 1st over - 1 run(s), 2 hit(s), 0 error(s), 3 left on base; St Charles 0 - Toronto 1
TOP OF THE 2ND
St Charles Sheens batting - Pitching for Toronto Titans : RHP José Gonzáles
Batting: LHB Gene Cooper 0-0: Ball
1-0: Ground out 6-3 (Groundball, 6M)
Batting: RHB Alfredo Rivera 0-0: Ball
1-0: Ball
2-0: Swinging Strike
2-1: Ball
3-1: Foul Ball, location: 2F
3-2: Fly out, F9 (Flyball, 9D)
Batting: RHB Júlio Figueroa 0-0: Foul Ball, location: 2F
0-1: Fly out, F7 (Line Drive, 7S)
Top of the 2nd over - 0 run(s), 0 hit(s), 0 error(s), 0 left on base; St Charles 0 - Toronto 1
BOTTOM OF THE 2ND
Toronto Titans batting - Pitching for St Charles Sheens : RHP Oscar Wheeler
Batting: RHB Matt Doyle 0-0: Ball
1-0: Called Strike
1-1: Foul Ball, location: 2F
1-2: Ball
2-2: Strikes out swinging
Batting: RHB Manuel González 0-0: Called Strike
0-1: Foul Ball, location: 2F
0-2: Foul Ball, location: 2F
0-2: Ball
1-2: Ball
2-2: Ball
3-2: Fly out, F2 (Popup, 2LF)
Batting: SHB Ryobe Yamamoto 0-0: Foul Ball, location: 2F
0-1: Ball
1-1: Ball
2-1: Foul Ball, location: 2F
2-2: Ground out 4-3 (Groundball, 4)
Bottom of the 2nd over - 0 run(s), 0 hit(s), 0 error(s), 0 left on base; St Charles 0 - Toronto 1
TOP OF THE 3RD
St Charles Sheens batting - Pitching for Toronto Titans : RHP José Gonzáles
Batting: RHB Júlio Hernández 0-0: Called Strike
0-1: Ball
1-1: Called Strike
1-2: Strikes out swinging
Batting: RHB Max Rash 0-0: Called Strike
0-1: Foul Ball, location: 2F
0-2: Foul Ball, location: 2F
0-2: Strikes out looking
Batting: LHB Bob Ware 0-0: Called Strike
0-1: Foul Ball, location: 2F
0-2: Ball
1-2: Foul Ball, location: 2F
1-2: Foul Ball, location: 2F
1-2: Foul Ball, location: 2F
1-2: Fly out, F3 (Popup, 3F)
Top of the 3rd over - 0 run(s), 0 hit(s), 0 error(s), 0 left on base; St Charles 0 - Toronto 1
BOTTOM OF THE 3RD
Toronto Titans batting - Pitching for St Charles Sheens : RHP Oscar Wheeler
Batting: RHB Gilberto López 0-0: Ball
1-0: Fly out, F7 (Flyball, 7D)
Batting: LHB José Rodríguez 0-0: Called Strike
0-1: Ball
1-1: Called Strike
1-2: Strikes out swinging
Batting: LHB Jorge Martínez 0-0: Ball
1-0: Ball
2-0: Ball
3-0: Base on Balls
Batting: LHB Anacleto Morillo 0-0: Called Strike
0-1: Ball
1-1: Ball
2-1: Foul Ball, location: 2F
2-2: Strikes out swinging
Bottom of the 3rd over - 0 run(s), 0 hit(s), 0 error(s), 1 left on base; St Charles 0 - Toronto 1
TOP OF THE 4TH
St Charles Sheens batting - Pitching for Toronto Titans : RHP José Gonzáles
Batting: RHB Kel Pierce 0-0: Ball
1-0: Ball
2-0: SINGLE (Groundball, 56D)
Batting: LHB Jeff Carter Pickoff Throw to First - Out!
0-0: Ball
1-0: Ground out 4-3 (Groundball, 4)
Batting: RHB Guo-xiu Choi 0-0: Foul Ball, location: 2F
0-1: Ball
1-1: Ground out 5-3 (Groundball, 5S)
Top of the 4th over - 0 run(s), 1 hit(s), 0 error(s), 0 left on base; St Charles 0 - Toronto 1
BOTTOM OF THE 4TH
Toronto Titans batting - Pitching for St Charles Sheens : RHP Oscar Wheeler
Batting: LHB Lewis Barr 0-0: Swinging Strike
0-1: Swinging Strike
0-2: Ball
1-2: Ball
2-2: Fly out, F8 (Flyball, 8LS)
Batting: LHB Kent MacDulothe 0-0: Ball
1-0: Fly out, F7 (Flyball, 7D)
Batting: RHB Matt Doyle 0-0: Ball
1-0: Foul Ball, location: 2F
1-1: Ball
2-1: Ball
3-1: SINGLE (Line Drive, 89M)
Batting: RHB Manuel González 0-0: Ball
1-0: Ground out 1-3 (Groundball, 13S)
Bottom of the 4th over - 0 run(s), 1 hit(s), 0 error(s), 1 left on base; St Charles 0 - Toronto 1
TOP OF THE 5TH
St Charles Sheens batting - Pitching for Toronto Titans : RHP José Gonzáles
Batting: LHB Gene Cooper 0-0: Ball
1-0: Foul Ball, location: 2F
1-1: Ball
2-1: Foul Ball, location: 2F
2-2: Ball
3-2: Foul Ball, location: 2F
3-2: DOUBLE (Line Drive, 3L)
Batting: RHB Alfredo Rivera 0-0: Foul Ball, location: 2F
0-1: Ball
1-1: Foul Ball, location: 2F
1-2: Foul Ball, location: 2F
1-2: Ball
2-2: Strikes out looking
Batting: RHB Júlio Figueroa 0-0: Ball
1-0: Called Strike
1-1: Ball
2-1: Foul Ball, location: 2F
2-2: Ground out 5-3 (Groundball, 56)
Batting: RHB Júlio Hernández 0-0: Ball
1-0: Called Strike
1-1: Ball
2-1: Ball
3-1: Called Strike
3-2: Foul Ball, location: 2F
3-2: DOUBLE (Popup, 8RS)
Gene Cooper scores
Batting: RHB Max Rash 0-0: Fly out, F5 (Line Drive, 5S)
Top of the 5th over - 1 run(s), 2 hit(s), 0 error(s), 1 left on base; St Charles 1 - Toronto 1
BOTTOM OF THE 5TH
Toronto Titans batting - Pitching for St Charles Sheens : RHP Oscar Wheeler
Batting: SHB Ryobe Yamamoto 0-0: Ball
1-0: Foul Ball, location: 2F
1-1: SINGLE (Groundball, 5D)
Batting: RHB Gilberto López 0-0: Ball
1-0: Fly out, F7 (Flyball, 78S)
Batting: LHB José Rodríguez 0-0: Ball
Ryobe Yamamoto steals 2nd base
1-0: Foul Ball, location: 2F
1-1: Swinging Strike
1-2: Strikes out swinging
Batting: LHB Jorge Martínez 0-0: Ball
1-0: Foul Ball, location: 2F
1-1: Called Strike
1-2: Fly out, F7 (Flyball, 7S)
Bottom of the 5th over - 0 run(s), 1 hit(s), 0 error(s), 1 left on base; St Charles 1 - Toronto 1
TOP OF THE 6TH
St Charles Sheens batting - Pitching for Toronto Titans : RHP José Gonzáles
Batting: LHB Bob Ware 0-0: Ball
1-0: Ball
2-0: Called Strike
2-1: Foul Ball, location: 2F
2-2: Foul Ball, location: 2F
2-2: Ball
3-2: Foul Ball, location: 2F
3-2: Foul Ball, location: 2F
3-2: Foul Ball, location: 2F
3-2: Foul Ball, location: 2F
3-2: SINGLE (Groundball, 4MD)
Pitching: RHP Pablo Cabral
Batting: RHB Kel Pierce 0-0: Ball
1-0: Foul Ball, location: 2F
1-1: Ball
2-1: Ground out 4-3 (Groundball, 4M)
Bob Ware to second
Batting: LHB Jeff Carter 0-0: Called Strike
0-1: Ball
1-1: Ball
2-1: Ball
3-1: Fly out, F3 (Popup, 34S)
Batting: RHB Guo-xiu Choi 0-0: Called Strike
0-1: SINGLE (Groundball, 34)
Bob Ware to third
Runner from 3rd tries for Home, SAFE, no throw or cutoff
Pitching: LHP Kent Robinson
Batting: LHB Gene Cooper 0-0: Ball
1-0: Called Strike
1-1: Ball
2-1: Called Strike
2-2: Ball
3-2: Foul Ball, location: 2F
3-2: Base on Balls
Guo-xiu Choi to second
Pitching: RHP Roland Harrison
Batting: RHB Alfredo Rivera 0-0: Ball
1-0: DOUBLE (Line Drive, 9LM)
Guo-xiu Choi scores
Gene Cooper to third
Runner from 3rd tries for Home, SAFE, no throw or cutoff
Batting: RHB Júlio Figueroa 0-0: Fly out, F9 (Flyball, 9M)
Top of the 6th over - 3 run(s), 3 hit(s), 0 error(s), 1 left on base; St Charles 4 - Toronto 1
BOTTOM OF THE 6TH
Toronto Titans batting - Pitching for St Charles Sheens : RHP Oscar Wheeler
Batting: LHB Anacleto Morillo 0-0: Ball
1-0: Called Strike
1-1: Ball
2-1: Ball
3-1: Foul Ball, location: 2F
3-2: Foul Ball, location: 2F
3-2: Foul Ball, location: 2F
3-2: Base on Balls
Batting: LHB Lewis Barr 0-0: Ball
1-0: Ball
2-0: Swinging Strike
2-1: SINGLE (Groundball, 2L) (infield hit)
Anacleto Morillo to second
Batting: LHB Kent MacDulothe 0-0: Foul Ball, location: 2F
0-1: Ball
1-1: Ball
2-1: Foul Ball, location: 2F
2-2: Foul Ball, location: 2F
2-2: SINGLE (Line Drive, 6M)
Anacleto Morillo to third
Lewis Barr to second
Batting: RHB Matt Doyle 0-0: Ball
1-0: Foul Ball, location: 2F
1-1: Ball
2-1: DOUBLE (Flyball, 89XD)
Anacleto Morillo scores
Lewis Barr scores
Kent MacDulothe to third
Pitching: LHP Rubén Martínez
Batting: RHB Manuel González 0-0: Ball
1-0: Ball
2-0: 3-RUN HOME RUN (Line Drive, 7LD), Distance : 325 ft
Batting: SHB Ryobe Yamamoto 0-0: Called Strike
0-1: Fly out, F8 (Flyball, 8RS)
Batting: RHB Gilberto López 0-0: Ball
1-0: Ball
2-0: Called Strike
2-1: Foul Ball, location: 2F
2-2: Ball
3-2: Ground out 6-3 (Groundball, 6)
Batting: LHB José Rodríguez 0-0: Ball
1-0: Ball
2-0: Called Strike
2-1: Swinging Strike
2-2: Fly out, F7 (Flyball, 78S)
Bottom of the 6th over - 5 run(s), 4 hit(s), 0 error(s), 0 left on base; St Charles 4 - Toronto 6
TOP OF THE 7TH
St Charles Sheens batting - Pitching for Toronto Titans : RHP Roland Harrison
Now at C: Cris Fuentes
Batting: RHB Júlio Hernández 0-0: Ball
1-0: Foul Ball, location: 2F
1-1: Ball
2-1: Ground out 4-3 (Groundball, 4)
Pitching: LHP Braydon Schute
Batting: RHB Max Rash 0-0: Called Strike
0-1: Ball
1-1: Swinging Strike
1-2: Foul Ball, location: 2F
1-2: Ball
2-2: Strikes out looking
Batting: LHB Bob Ware 0-0: Ground out 1-3 (Groundball, 13S)
Top of the 7th over - 0 run(s), 0 hit(s), 0 error(s), 0 left on base; St Charles 4 - Toronto 6
BOTTOM OF THE 7TH
Toronto Titans batting - Pitching for St Charles Sheens : LHP Rubén Martínez
Batting: LHB Jorge Martínez 0-0: Called Strike
0-1: Ball
1-1: Called Strike
1-2: Ground out 3-1 (Groundball, 34)
Batting: LHB Anacleto Morillo 0-0: Ball
1-0: Swinging Strike
1-1: Ball
2-1: Swinging Strike
2-2: Strikes out looking
Batting: LHB Lewis Barr 0-0: Swinging Strike
0-1: Ball
1-1: Ball
2-1: Foul Ball, location: 2F
2-2: Strikes out swinging
Bottom of the 7th over - 0 run(s), 0 hit(s), 0 error(s), 0 left on base; St Charles 4 - Toronto 6
TOP OF THE 8TH
St Charles Sheens batting - Pitching for Toronto Titans : LHP Braydon Schute
Now at SS: Alberto Velásquez
Batting: RHB Kel Pierce 0-0: Called Strike
0-1: Called Strike
0-2: Strikes out swinging
Batting: LHB Jeff Carter 0-0: Called Strike
0-1: Ball
1-1: Swinging Strike
1-2: Strikes out swinging
Batting: RHB Guo-xiu Choi 0-0: Called Strike
0-1: Ball
1-1: Ball
2-1: Fly out, F9 (Line Drive, 9LD)
Top of the 8th over - 0 run(s), 0 hit(s), 0 error(s), 0 left on base; St Charles 4 - Toronto 6
BOTTOM OF THE 8TH
Toronto Titans batting - Pitching for St Charles Sheens : LHP Rubén Martínez
Batting: LHB Kent MacDulothe 0-0: Ball
1-0: Ball
2-0: Ball
3-0: Base on Balls
Pitching: RHP Ulric Duval
Batting: RHB Matt Doyle 0-0: Ball
1-0: Ground out 4-3 (Groundball, 4M)
Kent MacDulothe to second
Pitching: RHP Paco Canpos
Batting: RHB Cris Fuentes 0-0: Called Strike
Kent MacDulothe steals 3rd base
0-1: Foul Ball, location: 2F
0-2: Ball
1-2: Fly out, F9 (Flyball, 89D)
Runner from 3rd tags up, SCORES, no throw
Batting: SHB Ryobe Yamamoto 0-0: Ball
1-0: Ball
2-0: Called Strike
2-1: Ball
3-1: SINGLE (Line Drive, 56)
Batting: RHB Gilberto López 0-0: Fielders Choice at 2nd, 6-4 (Groundball, 6)
Bottom of the 8th over - 1 run(s), 1 hit(s), 0 error(s), 0 left on base; St Charles 4 - Toronto 7
TOP OF THE 9TH
St Charles Sheens batting - Pitching for Toronto Titans : LHP Braydon Schute
Pitching: LHP Santiago González
Now in RF: David Murray
Batting: LHB Gene Cooper 0-0: Ball
1-0: Called Strike
1-1: SINGLE (Groundball, 4M)
Batting: RHB Alfredo Rivera 0-0: Grounds into double play, 6-4-3 (Groundball, 6)
Batting: RHB Júlio Figueroa 0-0: Called Strike
0-1: SINGLE (Groundball, 34D)
Batting: RHB Júlio Hernández 0-0: Ball
1-0: Foul Ball, location: 2F
1-1: Ball
2-1: Foul Ball, location: 2F
2-2: Ball
3-2: SINGLE (Groundball, 34S)
Júlio Figueroa to second
Júlio Figueroa to third
Pinch Hitting: RHB Judson Backstrom 0-0: Foul Ball, location: 2F
0-1: Ball
1-1: Ball
2-1: Fly out, F3 (Popup, 3SF)
Top of the 9th over - 0 run(s), 3 hit(s), 0 error(s), 2 left on base; St Charles 4 - Toronto 7
This league is powered by Out of the Park Baseball, the baseball management simulation game for PC, Mac and Linux
Saturday, April 9th, 2016 - OOTP Baseball 16.8 Build 38